TOP OF THE 1ST |
Seattle Mariners batting - Pitching for Toronto Blue Jays : RHP Storm Davis
|
Pitching: RHP Storm Davis
|
|
Batting: LHB Jose Perales
|
0-0: Ball 1-0: Ball 2-0: Foul Ball, location: 2F 2-1: Ground out 4-3 (Groundball, 4, EV 110.6 MPH)
|
Batting: LHB Mike Stenhouse
|
0-0: Ball 1-0: Called Strike 1-1: Foul Ball, location: 2F 1-2: Foul Ball, location: 2F 1-2: Ball 2-2: Ground out 5-3 (Groundball, 56, EV 100.6 MPH)
|
Batting: RHB Robin Yount
|
0-0: Ball 1-0: Ball 2-0: TRIPLE (Line Drive, 9LD, EV 110.6 MPH)
|
Batting: LHB Don Mattingly
|
0-0: Ball 1-0: Ball 2-0: Fly out, F6 (Flyball, 56D, EV 91.9 MPH)
|
Top of the 1st over - 0 runs, 1 hit, 0 errors, 1 left on base; Seattle 0 - Toronto 0 |
BOTTOM OF THE 1ST |
Toronto Blue Jays batting - Pitching for Seattle Mariners : RHP Larry Aubel
|
Pitching: RHP Larry Aubel
|
|
Batting: SHB Harold Reynolds
|
0-0: Ground out U3 (Groundball, 3, EV 88.1 MPH)
|
Batting: LHB Sheldon Mallory
|
0-0: Ball 1-0: Ground out 6-3 (Groundball, 6M, EV 96.3 MPH)
|
Batting: LHB Chad Daley
|
0-0: Ball 1-0: Called Strike 1-1: Swinging Strike 1-2: Reached on error, E5 (Groundball, 56S, EV 86.9 MPH)
|
Batting: RHB Jose Gonzalez
|
0-0: Called Strike 0-1: Swinging Strike 0-2: Ground out 4-3 (Groundball, 4, EV 78.1 MPH)
|
Bottom of the 1st over - 0 runs, 0 hits, 1 error, 1 left on base; Seattle 0 - Toronto 0 |
TOP OF THE 2ND |
Seattle Mariners batting - Pitching for Toronto Blue Jays : RHP Storm Davis
|
Batting: LHB Chris Wynn
|
0-0: Foul Ball, location: 2F 0-1: Foul Ball, location: 2F 0-2: Strikes out looking
|
Batting: RHB Tony Conigliaro
|
0-0: Ball 1-0: Called Strike 1-1: Called Strike 1-2: SINGLE (Line Drive, 8RS, EV 103.1 MPH)
|
Batting: RHB Ramon Estepa
|
0-0: Ball 1-0: Ball 2-0: Ball 3-0: Called Strike 3-1: Base on Balls Tony Conigliaro to second
|
Batting: RHB Kurt Cunningham
|
0-0: Grounds into double play, 5-4-3 (Groundball, 5S, EV 86.3 MPH)
|
Top of the 2nd over - 0 runs, 1 hit, 0 errors, 1 left on base; Seattle 0 - Toronto 0 |
BOTTOM OF THE 2ND |
Toronto Blue Jays batting - Pitching for Seattle Mariners : RHP Larry Aubel
|
Batting: RHB Andres Galarraga
|
0-0: Swinging Strike 0-1: Ball 1-1: Swinging Strike 1-2: Strikes out looking
|
Batting: LHB Steve Stroughter
|
0-0: Ball 1-0: SINGLE (Line Drive, 89S, EV 107.5 MPH)
|
Batting: RHB Cal Ripken
|
0-0: Ball 1-0: Ball 2-0: Called Strike 2-1: Fly out, F9 (Flyball, 89S, EV 86.9 MPH)
|
Batting: LHB Milt Thompson
|
0-0: Called Strike 0-1: Swinging Strike 0-2: Ball 1-2: Foul Ball, location: 2F 1-2: Ball 2-2: Strikes out swinging
|
Bottom of the 2nd over - 0 runs, 1 hit, 0 errors, 1 left on base; Seattle 0 - Toronto 0 |
TOP OF THE 3RD |
Seattle Mariners batting - Pitching for Toronto Blue Jays : RHP Storm Davis
|
Batting: RHB Ken Reitz
|
0-0: Ball 1-0: Ground out 5-3 (Groundball, 56, EV 98.8 MPH)
|
Batting: LHB Jose Perales
|
0-0: Called Strike 0-1: Ball 1-1: Swinging Strike 1-2: Foul Ball, location: 2F 1-2: Strikes out swinging
|
Batting: LHB Mike Stenhouse
|
0-0: Swinging Strike 0-1: Ball 1-1: Foul Ball, location: 2F 1-2: Ball 2-2: Ball 3-2: Foul Ball, location: 2F 3-2: Strikes out swinging
|
Top of the 3rd over - 0 runs, 0 hits, 0 errors, 0 left on base; Seattle 0 - Toronto 0 |
BOTTOM OF THE 3RD |
Toronto Blue Jays batting - Pitching for Seattle Mariners : RHP Larry Aubel
|
Batting: RHB Jose Carrillo
|
0-0: Called Strike 0-1: Foul Ball, location: 2F 0-2: Ball 1-2: Ball 2-2: Foul Ball, location: 2F 2-2: Strikes out swinging
|
Batting: SHB Harold Reynolds
|
0-0: Called Strike 0-1: Ball 1-1: Swinging Strike 1-2: Fly out, F6 (Flyball, 6D, EV 77.5 MPH)
|
Batting: LHB Sheldon Mallory
|
0-0: Foul Ball, location: 2F 0-1: Foul Ball, location: 2F 0-2: Ball 1-2: Ball 2-2: Foul Ball, location: 2F 2-2: Ball 3-2: Fly out, F8 (Flyball, 8LM, EV 86.9 MPH)
|
Bottom of the 3rd over - 0 runs, 0 hits, 0 errors, 0 left on base; Seattle 0 - Toronto 0 |
TOP OF THE 4TH |
Seattle Mariners batting - Pitching for Toronto Blue Jays : RHP Storm Davis
|
Batting: RHB Robin Yount
|
0-0: Swinging Strike 0-1: SINGLE (Groundball, 6MD, EV 95.6 MPH)
|
Batting: LHB Don Mattingly
|
0-0: Ball 1-0: Grounds into double play, 6-4-3 (Groundball, 6, EV 85.0 MPH)
|
Batting: LHB Chris Wynn
|
0-0: Swinging Strike 0-1: Called Strike 0-2: Ball 1-2: Ball 2-2: Strikes out looking
|
Top of the 4th over - 0 runs, 1 hit, 0 errors, 0 left on base; Seattle 0 - Toronto 0 |
BOTTOM OF THE 4TH |
Toronto Blue Jays batting - Pitching for Seattle Mariners : RHP Larry Aubel
|
Batting: LHB Chad Daley
|
0-0: Called Strike 0-1: Ball 1-1: Ball 2-1: Ball 3-1: Fly out, F8 (Flyball, 8LD, EV 101.9 MPH)
|
Batting: RHB Jose Gonzalez
|
0-0: Called Strike 0-1: Swinging Strike 0-2: Ball 1-2: Strikes out swinging
|
Batting: RHB Andres Galarraga
|
0-0: Swinging Strike 0-1: Fly out, F8 (Flyball, 8RD, EV 95.0 MPH)
|
Bottom of the 4th over - 0 runs, 0 hits, 0 errors, 0 left on base; Seattle 0 - Toronto 0 |
TOP OF THE 5TH |
Seattle Mariners batting - Pitching for Toronto Blue Jays : RHP Storm Davis
|
Batting: RHB Tony Conigliaro
|
0-0: Fly out, F7 (Line Drive, 7, EV 105.0 MPH)
|
Batting: RHB Ramon Estepa
|
0-0: Called Strike 0-1: Ball 1-1: Called Strike 1-2: Fly out, F3 (Line Drive, 3, EV 68.8 MPH)
|
Batting: RHB Kurt Cunningham
|
0-0: SINGLE (Groundball, 13, EV 86.3 MPH) (infield hit)
|
Batting: RHB Ken Reitz
|
0-0: SINGLE (Groundball, 6D, EV 100.0 MPH) Kurt Cunningham to second
|
Batting: LHB Jose Perales
|
0-0: Ball 1-0: Ball 2-0: Ball 3-0: Called Strike 3-1: Base on Balls Kurt Cunningham to third Ken Reitz to second
|
Batting: LHB Mike Stenhouse
|
0-0: Ball 1-0: Ball 2-0: Called Strike 2-1: Foul Ball, location: 2F 2-2: Fly out, F8 (Line Drive, 8RD, EV 103.8 MPH)
|
Top of the 5th over - 0 runs, 2 hits, 0 errors, 3 left on base; Seattle 0 - Toronto 0 |
BOTTOM OF THE 5TH |
Toronto Blue Jays batting - Pitching for Seattle Mariners : RHP Larry Aubel
|
Batting: LHB Steve Stroughter
|
0-0: Foul Ball, location: 2F 0-1: Foul Ball, location: 2F 0-2: Ball 1-2: Ball 2-2: SINGLE (Line Drive, 34, EV 101.3 MPH)
|
Batting: RHB Cal Ripken
|
0-0: Called Strike 0-1: Foul Ball, location: 2F 0-2: Ball 1-2: Ball 2-2: Ball 3-2: Base on Balls Steve Stroughter to second
|
Batting: LHB Milt Thompson
|
0-0: Ball 1-0: Ball 2-0: Ball 3-0: Base on Balls Steve Stroughter to third Cal Ripken to second
|
Batting: RHB Jose Carrillo
|
0-0: Foul Ball, location: 2F 0-1: Ball 1-1: Foul Ball, location: 2F 1-2: Ball 2-2: Ball 3-2: Fly out, F7 (Line Drive, 7D, EV 86.3 MPH) Runner from 3rd tags up, SCORES, no throw by LF Cal Ripken to third
|
Batting: SHB Harold Reynolds
|
0-0: Fielders Choice at 2nd, 6-4 (Groundball, 56, EV 105.6 MPH) Cal Ripken scores
|
Batting: LHB Sheldon Mallory
|
0-0: Ball 1-0: Called Strike Harold Reynolds is caught stealing 2nd base 2-6
|
Bottom of the 5th over - 2 runs, 1 hit, 0 errors, 0 left on base; Seattle 0 - Toronto 2 |
TOP OF THE 6TH |
Seattle Mariners batting - Pitching for Toronto Blue Jays : RHP Storm Davis
|
Batting: RHB Robin Yount
|
0-0: Called Strike 0-1: Ball 1-1: Ground out 6-3 (Groundball, 6S, EV 63.8 MPH)
|
Batting: LHB Don Mattingly
|
0-0: Ball 1-0: Fly out, F8 (Flyball, 78M, EV 81.9 MPH)
|
Batting: LHB Chris Wynn
|
0-0: Ball 1-0: Called Strike 1-1: Foul Ball, location: 2F 1-2: Ball 2-2: Strikes out swinging
|
Top of the 6th over - 0 runs, 0 hits, 0 errors, 0 left on base; Seattle 0 - Toronto 2 |
BOTTOM OF THE 6TH |
Toronto Blue Jays batting - Pitching for Seattle Mariners : RHP Larry Aubel
|
Batting: LHB Sheldon Mallory
|
0-0: Ball 1-0: Fly out, F5 (Popup, 5SF, EV 79.4 MPH)
|
Batting: LHB Chad Daley
|
0-0: Ball 1-0: Foul Ball, location: 2F 1-1: Foul Ball, location: 2F 1-2: SOLO HOME RUN (Flyball, 9D, EV 108.8 MPH), Distance : 383 ft
|
Batting: RHB Jose Gonzalez
|
0-0: Ground out 4-3 (Groundball, 34D, EV 100.0 MPH)
|
Batting: RHB Andres Galarraga
|
0-0: Fly out, F4 (Popup, 4, EV 65.6 MPH)
|
Bottom of the 6th over - 1 run, 1 hit, 0 errors, 0 left on base; Seattle 0 - Toronto 3 |
TOP OF THE 7TH |
Seattle Mariners batting - Pitching for Toronto Blue Jays : RHP Storm Davis
|
Batting: RHB Tony Conigliaro
|
0-0: Called Strike 0-1: Ball 1-1: Swinging Strike 1-2: Ball 2-2: Ground out 5-3 (Groundball, 56, EV 84.4 MPH)
|
Batting: RHB Ramon Estepa
|
0-0: Foul Ball, location: 2F 0-1: Swinging Strike 0-2: Strikes out swinging
|
Batting: RHB Kurt Cunningham
|
0-0: Swinging Strike 0-1: SINGLE (Groundball, 5S, EV 68.8 MPH) (infield hit)
|
Batting: RHB Ken Reitz
|
0-0: Foul Ball, location: 2F 0-1: Called Strike Kurt Cunningham steals 2nd base 0-2: Ball Wild Pitch! Kurt Cunningham to third 1-2: Foul Ball, location: 2F 1-2: Foul Ball, location: 2F 1-2: Fly out, F3 (Popup, 3, EV 56.9 MPH)
|
Top of the 7th over - 0 runs, 1 hit, 0 errors, 1 left on base; Seattle 0 - Toronto 3 |
BOTTOM OF THE 7TH |
Toronto Blue Jays batting - Pitching for Seattle Mariners : RHP Larry Aubel
|
Batting: LHB Steve Stroughter
|
0-0: Ball 1-0: Ball 2-0: SINGLE (Line Drive, 89S, EV 93.8 MPH)
|
Batting: RHB Cal Ripken
|
0-0: Ball 1-0: SINGLE (Groundball, 6MD, EV 105.6 MPH) Steve Stroughter to second Runner from 2nd tries for 3rd, SAFE, throw by CF made to third
|
Batting: LHB Milt Thompson
|
0-0: Called Strike 0-1: Ball 1-1: Fly out, F5 (Popup, 56, EV 77.5 MPH)
|
Batting: RHB Jose Carrillo
|
0-0: Foul Ball, location: 2F 0-1: Ball 1-1: Foul Ball, location: 2F 1-2: Ball 2-2: Fly out, F4 (Popup, 4S, EV 81.9 MPH)
|
Pitching: RHP Bill Dawley
|
|
Batting: SHB Harold Reynolds
|
0-0: Ball 1-0: Foul Ball, location: 2F 1-1: Ball 2-1: Ball 3-1: Ground out 4-3 (Groundball, 4, EV 107.5 MPH)
|
Bottom of the 7th over - 0 runs, 2 hits, 0 errors, 2 left on base; Seattle 0 - Toronto 3 |
TOP OF THE 8TH |
Seattle Mariners batting - Pitching for Toronto Blue Jays : RHP Storm Davis
|
Batting: LHB Jose Perales
|
0-0: Ball 1-0: Called Strike 1-1: SINGLE (Flyball, 6MD, EV 85.0 MPH)
|
Batting: LHB Mike Stenhouse
|
0-0: Called Strike 0-1: Ball 1-1: Swinging Strike 1-2: Ball 2-2: Strikes out looking
|
Batting: RHB Robin Yount
|
0-0: Ball 1-0: Called Strike 1-1: Swinging Strike 1-2: Strikes out swinging
|
Batting: LHB Don Mattingly
|
0-0: SINGLE (Line Drive, 7LS, EV 95.0 MPH) Jose Perales to second Runner from 2nd tries for 3rd, SAFE, no throw by LF
|
Batting: LHB Chris Wynn
|
0-0: Foul Ball, location: 2F 0-1: Swinging Strike 0-2: Ball 1-2: SINGLE (Groundball, 34D, EV 101.9 MPH) (infield hit) Jose Perales scores Don Mattingly to second
|
Batting: RHB Tony Conigliaro
|
0-0: Fly out, F8 (Flyball, 8LM, EV 92.5 MPH)
|
Top of the 8th over - 1 run, 3 hits, 0 errors, 2 left on base; Seattle 1 - Toronto 3 |
BOTTOM OF THE 8TH |
Toronto Blue Jays batting - Pitching for Seattle Mariners : RHP Bill Dawley
|
Batting: LHB Sheldon Mallory
|
0-0: Called Strike 0-1: Ball 1-1: Ground out 6-3 (Groundball, P, EV 90.0 MPH)
|
Batting: LHB Chad Daley
|
0-0: Fly out, F8 (Flyball, 78D, EV 105.6 MPH)
|
Batting: RHB Jose Gonzalez
|
0-0: Ground out 4-3 (Groundball, 4, EV 91.3 MPH)
|
Bottom of the 8th over - 0 runs, 0 hits, 0 errors, 0 left on base; Seattle 1 - Toronto 3 |
TOP OF THE 9TH |
Seattle Mariners batting - Pitching for Toronto Blue Jays : RHP Storm Davis
|
Now at 2B: Chris Speier
|
|
Batting: RHB Ramon Estepa
|
0-0: Ball 1-0: Swinging Strike 1-1: Swinging Strike 1-2: Strikes out swinging
|
Batting: RHB Kurt Cunningham
|
0-0: Called Strike 0-1: Ball 1-1: Ground out 2-3 (Groundball, 2L, EV 68.1 MPH)
|
Batting: RHB Ken Reitz
|
0-0: Ball 1-0: Ball 2-0: Ball 3-0: Base on Balls
|
Batting: LHB Jose Perales
|
0-0: Called Strike 0-1: Foul Ball, location: 2F 0-2: Ball 1-2: Fly out, F8 (Flyball, 8RXD, EV 90.0 MPH)
|
Top of the 9th over - 0 runs, 0 hits, 0 errors, 1 left on base; Seattle 1 - Toronto 3 |
|